PA
SOUTH BEACH BLAZE @ PUT-IN-BAY BC
07/05/2034
 
TOP OF THE 1ST
South Beach Blaze batting - Pitching for Put-In-Bay BC : RHP Jason Huggins
Pitching: RHP Jason Huggins
Batting: LHB Javier López 0-0: Ball
1-0: Foul Ball, location: 2F
1-1: Ball
2-1: Ball
3-1: Called Strike
3-2: Strikes out swinging
Batting: SHB Eisse van Opdorp 0-0: Called Strike
0-1: Swinging Strike
0-2: Strikes out swinging
Batting: LHB Lewis Blankenship 0-0: SINGLE (Line Drive, 89M)
Batting: RHB Dave Broom 0-0: Ball
1-0: Ball
Lewis Blankenship steals 2nd base
2-0: Foul Ball, location: 2F
2-1: Fly out, F9 (Flyball, 89D)
Top of the 1st over - 0 runs, 1 hit, 0 errors, 1 left on base; South Beach 0 - Put-In-Bay 0
BOTTOM OF THE 1ST
Put-In-Bay BC batting - Pitching for South Beach Blaze : LHP Pavle Simic
Pitching: LHP Pavle Simic
Batting: RHB Álex Maroto 0-0: Ball
1-0: Foul Ball, location: 2F
1-1: Ball
2-1: Ball
3-1: Foul Ball, location: 2F
3-2: Fly out, F9 (Flyball, 89D)
Batting: RHB Hyun-hi Choung 0-0: Called Strike
0-1: Ball
1-1: Foul Ball, location: 2F
1-2: Ball
2-2: Ball
3-2: Strikes out looking
Batting: SHB Yushua Harith 0-0: TRIPLE (Line Drive, 8LXD)
Batting: LHB Louie Shufflebotham 0-0: Ground out 5-3 (Groundball, 56)
Bottom of the 1st over - 0 runs, 1 hit, 0 errors, 1 left on base; South Beach 0 - Put-In-Bay 0
TOP OF THE 2ND
South Beach Blaze batting - Pitching for Put-In-Bay BC : RHP Jason Huggins
Batting: SHB Noah Martone 0-0: Called Strike
0-1: Ball
1-1: Ball
2-1: Ground out 6-3 (Groundball, 6S)
Batting: RHB Loring Rommel 0-0: SINGLE (Groundball, 4MD)
Batting: RHB Maxence Sultanbekov 0-0: Ball
1-0: Called Strike
Loring Rommel steals 2nd base
1-1: Ball
2-1: Foul Ball, location: 2F
2-2: Fly out, F8 (Flyball, 8RD)
Batting: RHB Mark Patterson 0-0: Called Strike
0-1: Foul Ball, location: 2F
0-2: Ball
1-2: Ground out 3-1 (Groundball, 34)
Top of the 2nd over - 0 runs, 1 hit, 0 errors, 1 left on base; South Beach 0 - Put-In-Bay 0
BOTTOM OF THE 2ND
Put-In-Bay BC batting - Pitching for South Beach Blaze : LHP Pavle Simic
Batting: RHB Al Grant 0-0: Ball
1-0: Ball
2-0: Foul Ball, location: 2F
2-1: Ball
3-1: Called Strike
3-2: Base on Balls
Batting: LHB Pablo Martínez 0-0: Ball
1-0: Ball
2-0: Called Strike
2-1: Foul Ball, location: 2F
2-2: SINGLE (Line Drive, 4M)
Al Grant to second
Runner from 2nd tries for 3rd, SAFE, no throw
Batting: RHB Scott Bray 0-0: Ball
1-0: Ground out 5-3 (Groundball, 56S)
Al Grant scores
Pablo Martínez to second
Batting: RHB Tex Quesada 0-0: Ball
1-0: Called Strike
1-1: Foul Ball, location: 2F
1-2: Foul Ball, location: 2F
1-2: Ball
2-2: Strikes out swinging
Batting: LHB Ids Ulderink 0-0: Called Strike
0-1: SINGLE (Groundball, 56D)
Pablo Martínez to third
Runner from 3rd tries for Home, SAFE, no throw
Batting: RHB Álex Maroto 0-0: Ball
1-0: Ball
2-0: Called Strike
2-1: Ball
3-1: Reached on error, E6 (Groundball, 56)
Ids Ulderink to second
Batting: RHB Hyun-hi Choung 0-0: Ball
1-0: Reached on error, E6 (Groundball, 6)
Ids Ulderink to third
Álex Maroto to second
Batting: SHB Yushua Harith 0-0: Ball
1-0: Ball
2-0: Ball
3-0: Base on Balls
Ids Ulderink scores
Álex Maroto to third
Hyun-hi Choung to second
Batting: LHB Louie Shufflebotham 0-0: SINGLE (Line Drive, 6MD)
Álex Maroto scores
Hyun-hi Choung to third
Yushua Harith to second
Runner from 3rd tries for Home, SAFE, no throw
Batting: RHB Al Grant 0-0: Ball
1-0: Fly out, F9 (Flyball, 9)
Bottom of the 2nd over - 5 runs, 3 hits, 2 errors, 2 left on base; South Beach 0 - Put-In-Bay 5
TOP OF THE 3RD
South Beach Blaze batting - Pitching for Put-In-Bay BC : RHP Jason Huggins
Batting: RHB Jarred Shields 0-0: Ball
1-0: Ball
2-0: Ball
3-0: Called Strike
3-1: Fly out, F7 (Flyball, 7LSF)
Batting: LHB Javier López 0-0: Called Strike
0-1: Ball
1-1: Foul Ball, location: 2F
1-2: Ball
2-2: Ground out 4-3 (Groundball, 4M)
Batting: SHB Eisse van Opdorp 0-0: Ball
1-0: Foul Ball, location: 2F
1-1: Foul Ball, location: 2F
1-2: Strikes out swinging
Top of the 3rd over - 0 runs, 0 hits, 0 errors, 0 left on base; South Beach 0 - Put-In-Bay 5
BOTTOM OF THE 3RD
Put-In-Bay BC batting - Pitching for South Beach Blaze : LHP Pavle Simic
Batting: LHB Pablo Martínez 0-0: Swinging Strike
0-1: Called Strike
0-2: Ball
1-2: Strikes out swinging
Batting: RHB Scott Bray 0-0: Called Strike
0-1: Called Strike
0-2: Fly out, F9 (Flyball, 9LD)
Batting: RHB Tex Quesada 0-0: Ball
1-0: Ground out 6-3 (Groundball, 6)
Bottom of the 3rd over - 0 runs, 0 hits, 0 errors, 0 left on base; South Beach 0 - Put-In-Bay 5
TOP OF THE 4TH
South Beach Blaze batting - Pitching for Put-In-Bay BC : RHP Jason Huggins
Batting: LHB Lewis Blankenship 0-0: Ball
1-0: Called Strike
1-1: Called Strike
1-2: Foul Ball, location: 2F
1-2: Foul Ball, location: 2F
1-2: Foul Ball, location: 2F
1-2: Ball
2-2: Foul Ball, location: 2F
2-2: Foul Ball, location: 2F
2-2: Foul Ball, location: 2F
2-2: Ground out 1-3 (Groundball, P)
Batting: RHB Dave Broom 0-0: Ball
1-0: Ball
2-0: Ball
3-0: Called Strike
3-1: Foul Ball, location: 2F
3-2: Foul Ball, location: 2F
3-2: Foul Ball, location: 2F
3-2: Foul Ball, location: 2F
3-2: Strikes out swinging
Batting: SHB Noah Martone 0-0: Called Strike
0-1: Ground out U3 (Groundball, 3)
Top of the 4th over - 0 runs, 0 hits, 0 errors, 0 left on base; South Beach 0 - Put-In-Bay 5
BOTTOM OF THE 4TH
Put-In-Bay BC batting - Pitching for South Beach Blaze : LHP Pavle Simic
Batting: LHB Ids Ulderink 0-0: Ball
1-0: Called Strike
1-1: Swinging Strike
1-2: Foul Ball, location: 2F
1-2: Ground out 6-3 (Groundball, 6)
Batting: RHB Álex Maroto 0-0: Ball
1-0: Foul Ball, location: 2F
1-1: Foul Ball, location: 2F
1-2: Strikes out swinging
Batting: RHB Hyun-hi Choung 0-0: Called Strike
0-1: Foul Ball, location: 2F
0-2: Fly out, F7 (Flyball, 78M)
Bottom of the 4th over - 0 runs, 0 hits, 0 errors, 0 left on base; South Beach 0 - Put-In-Bay 5
TOP OF THE 5TH
South Beach Blaze batting - Pitching for Put-In-Bay BC : RHP Jason Huggins
Batting: RHB Loring Rommel 0-0: Foul Ball, location: 2F
0-1: Swinging Strike
0-2: Ball
1-2: Strikes out swinging
Batting: RHB Maxence Sultanbekov 0-0: Called Strike
0-1: Ball
1-1: Ground out 6-3 (Groundball, 6)
Batting: RHB Mark Patterson 0-0: Ball
1-0: Swinging Strike
1-1: Called Strike
1-2: Ball
2-2: Strikes out looking
Top of the 5th over - 0 runs, 0 hits, 0 errors, 0 left on base; South Beach 0 - Put-In-Bay 5
BOTTOM OF THE 5TH
Put-In-Bay BC batting - Pitching for South Beach Blaze : LHP Pavle Simic
Batting: SHB Yushua Harith 0-0: Ball
1-0: Ball
2-0: Foul Ball, location: 2F
2-1: Ground out 5-3 (Groundball, 56)
Batting: LHB Louie Shufflebotham 0-0: Ball
1-0: Ball
2-0: Ball
3-0: Called Strike
3-1: Foul Ball, location: 2F
3-2: Foul Ball, location: 2F
3-2: SINGLE (Groundball, 56D)
Batting: RHB Al Grant 0-0: Foul Ball, location: 2F
0-1: Ball
1-1: Ball
2-1: Foul Ball, location: 2F
2-2: Ball
3-2: Grounds into double play, 5-4-3 (Groundball, 56)
Bottom of the 5th over - 0 runs, 1 hit, 0 errors, 0 left on base; South Beach 0 - Put-In-Bay 5
TOP OF THE 6TH
South Beach Blaze batting - Pitching for Put-In-Bay BC : RHP Jason Huggins
Batting: RHB Jarred Shields 0-0: Called Strike
0-1: Ball
1-1: Swinging Strike
1-2: Ball
2-2: DOUBLE (Line Drive, 7LM)
Batting: LHB Javier López 0-0: Called Strike
0-1: Called Strike
0-2: Foul Ball, location: 2F
0-2: Ball
1-2: Foul Ball, location: 2F
1-2: Ball
2-2: Fly out, F8 (Flyball, 8RD)
Batting: SHB Eisse van Opdorp 0-0: Swinging Strike
0-1: Foul Ball, location: 2F
0-2: Ball
1-2: Strikes out swinging
Batting: LHB Lewis Blankenship 0-0: Ball
1-0: Foul Ball, location: 2F
1-1: Ball
2-1: Swinging Strike
2-2: Strikes out swinging
Top of the 6th over - 0 runs, 1 hit, 0 errors, 1 left on base; South Beach 0 - Put-In-Bay 5
BOTTOM OF THE 6TH
Put-In-Bay BC batting - Pitching for South Beach Blaze : LHP Pavle Simic
Batting: LHB Pablo Martínez 0-0: Ball
1-0: Ball
2-0: Foul Ball, location: 2F
2-1: Fly out, F6 (Line Drive, 6)
Pitching: RHP Théo Picard
Batting: RHB Scott Bray 0-0: Foul Ball, location: 2F
0-1: Ball
1-1: Fly out, F7 (Line Drive, 78M)
Batting: RHB Tex Quesada 0-0: Called Strike
0-1: Swinging Strike
0-2: Ball
1-2: Strikes out swinging
Bottom of the 6th over - 0 runs, 0 hits, 0 errors, 0 left on base; South Beach 0 - Put-In-Bay 5
TOP OF THE 7TH
South Beach Blaze batting - Pitching for Put-In-Bay BC : RHP Jason Huggins
Batting: RHB Dave Broom 0-0: Ground out 5-3 (Groundball, 2L)
Batting: SHB Noah Martone 0-0: Swinging Strike
0-1: Ball
1-1: Called Strike
1-2: Ball
2-2: Ground out 1-3 (Groundball, 13S)
Batting: RHB Loring Rommel 0-0: Called Strike
0-1: Ball
1-1: Called Strike
1-2: Strikes out swinging
Top of the 7th over - 0 runs, 0 hits, 0 errors, 0 left on base; South Beach 0 - Put-In-Bay 5
BOTTOM OF THE 7TH
Put-In-Bay BC batting - Pitching for South Beach Blaze : RHP Théo Picard
Batting: LHB Ids Ulderink 0-0: SINGLE (Groundball, 4MD)
Batting: RHB Álex Maroto 0-0: Fly out, F7 (Line Drive, 78M)
Batting: RHB Hyun-hi Choung 0-0: Ball
1-0: Ball
2-0: Fly out, F9 (Flyball, 9LMF)
Batting: SHB Yushua Harith 0-0: Swinging Strike
0-1: SINGLE (Groundball, 34D)
Ids Ulderink to second
Runner from 2nd tries for 3rd, SAFE, no throw
Batting: LHB Louie Shufflebotham 0-0: Fly out, F5 (Popup, 5L)
Bottom of the 7th over - 0 runs, 2 hits, 0 errors, 2 left on base; South Beach 0 - Put-In-Bay 5
TOP OF THE 8TH
South Beach Blaze batting - Pitching for Put-In-Bay BC : RHP Jason Huggins
Pitching: RHP Ivan Garayev
Batting: RHB Maxence Sultanbekov 0-0: Ball
1-0: Foul Ball, location: 2F
1-1: Called Strike
1-2: SINGLE (Line Drive, 7S)
Batting: RHB Mark Patterson 0-0: Ball
Pickoff Throw by Catcher to First - Error! E2
Maxence Sultanbekov to second
1-0: Ball
2-0: Called Strike
2-1: Foul Ball, location: 2F
2-2: Fly out, F3 (Line Drive, 34)
Batting: RHB Jarred Shields 0-0: SINGLE (Line Drive, 89S)
Maxence Sultanbekov to third
Runner from 3rd tries for Home, SAFE, no throw
Batting: LHB Javier López 0-0: Called Strike
0-1: Foul Ball, location: 2F
0-2: Foul Ball, location: 2F
0-2: Foul Ball, location: 2F
0-2: Ball
1-2: Ball
2-2: Foul Ball, location: 2F
2-2: Foul Ball, location: 2F
2-2: Ball
3-2: Strikes out swinging
Batting: SHB Eisse van Opdorp 0-0: Swinging Strike
0-1: SINGLE (Line Drive, 7LS)
Jarred Shields to second
Batting: LHB Lewis Blankenship 0-0: Ball
1-0: Called Strike
1-1: Ball
2-1: SINGLE (Line Drive, 4M)
Jarred Shields to third
Eisse van Opdorp to second
Runner from 3rd tries for Home, SAFE, no throw
Pitching: RHP Freddy Martínez
Batting: RHB Dave Broom 0-0: Ball
1-0: Ball
2-0: Ground out 5-3 (Groundball, 56S)
Top of the 8th over - 2 runs, 4 hits, 1 error, 2 left on base; South Beach 2 - Put-In-Bay 5
BOTTOM OF THE 8TH
Put-In-Bay BC batting - Pitching for South Beach Blaze : RHP Théo Picard
Batting: RHB Al Grant 0-0: Ground out 6-3 (Groundball, 6S)
Batting: LHB Pablo Martínez 0-0: Ball
1-0: Swinging Strike
1-1: Ball
2-1: Foul Ball, location: 2F
2-2: Ball
3-2: Strikes out swinging
Batting: RHB Scott Bray 0-0: Swinging Strike
0-1: Ball
1-1: Ground out 6-3 (Groundball, 6)
Bottom of the 8th over - 0 runs, 0 hits, 0 errors, 0 left on base; South Beach 2 - Put-In-Bay 5
TOP OF THE 9TH
South Beach Blaze batting - Pitching for Put-In-Bay BC : RHP Freddy Martínez
Batting: SHB Noah Martone 0-0: Ball
1-0: Ball
2-0: Swinging Strike
2-1: Swinging Strike
2-2: Foul Ball, location: 2F
2-2: Foul Ball, location: 2F
2-2: Foul Ball, location: 2F
2-2: Ball
3-2: Strikes out swinging
Batting: RHB Loring Rommel 0-0: Swinging Strike
0-1: Ball
1-1: Ball
2-1: Ground out 6-3 (Groundball, 6)
Batting: RHB Maxence Sultanbekov 0-0: Ball
1-0: Ball
2-0: Ball
3-0: Base on Balls
Batting: RHB Mark Patterson 0-0: Ball
1-0: Fly out, F7 (Flyball, 78M)
Top of the 9th over - 0 runs, 0 hits, 0 errors, 1 left on base; South Beach 2 - Put-In-Bay 5
Friday, March 29th, 2019 - OOTP Baseball 18.8 Build 76